 Dungeon Crawl Stone Soup version 0.29.1 (webtiles) character file.

Game seed: 8519181730124993783

81 smilodon the Trooper (level 4, -5/35 HPs)
             Began as a Demonspawn Fighter on Sept 12, 2022.
             Slain by a worm (9 damage)
             ... on level 2 of the Dungeon.
             The game lasted 00:03:36 (1836 turns).

smilodon the Trooper (Demonspawn Fighter)           Turns: 1836, Time: 00:03:37

Health: -5/35      AC:  2    Str: 15 (17) XL:     4   Next: 20%
Magic:  4/4        EV: 11    Int:  6 (9)  God:
Gold:   164        SH:  6    Dex: 18      Spells: 3/3 levels left

rFire   . . .      SeeInvis .   g - +1 dagger
rCold   . . .      Faith    .   c - +1 buckler
rNeg    . . .      Spirit   .   a - +0 robe
rPois   .          Reflect  .   (helmet restricted)
rElec   .          Harm     .   (no cloak)
rCorr   .          Rampage  .   (no gloves)
Will    +....                   (no boots)
Stlth   ++++......              (no amulet)
HPRegen 0.11/turn               h - ring of willpower
MPRegen 0.09/turn               (no ring)

@: hasted, very quick
A: antennae 1, thin skeletal structure 2
a: no special abilities


You were on level 2 of the Dungeon.
You visited 1 branch of the dungeon, and saw 2 of its levels.

You collected 164 gold pieces.

Inventory:

Hand Weapons
 g - a +1 dagger (weapon)
Armour
 a - a +0 robe (worn)
 b - a +0 scale mail
 c - a +1 buckler (worn)
Jewellery
 h - a ring of willpower (left hand)
Scrolls
 d - a scroll of identify {unknown}
 f - a scroll of enchant armour
 j - a scroll of poison {unknown}
Potions
 e - a potion of flight {unknown}


   Skills:
 - Level 3.3 Fighting
 * Level 1.1(1.8) Short Blades
 - Level 2.1(2.3) Long Blades
 - Level 3.0 Armour
 * Level 1.2 Dodging
 * Level 1.2 Stealth
 - Level 3.0 Shields


You had 3 spell levels left.
You didn't know any spells.
Your spell library contained the following spells:

 Spells                   Type           Power      Damage    Failure   Level
 Blink                    Tloc           0%         N/A       69%         2
 Manifold Assault         Tloc           0%         N/A       100%        5
 Storm Form               Tmut/Air       0%         N/A       100%        7


Dungeon Overview and Level Annotations

Branches:
Dungeon (2/15)

Altars:

Annotations:
D:2 1 runed translucent door, Crazy Yiuf


Innate Abilities, Weirdness & Mutations

You have a pair of small antennae on your head.
You have a moderately thin skeletal structure. (Dex +4, Stealth++)


Message History

There is an open door here.
You hit the endoplasm.
The endoplasm is moderately wounded.
You block the endoplasm's attack. x2
You hit the endoplasm.
You kill the endoplasm!
You hit the worm.
The worm is lightly wounded.
The worm misses you.
You hit the worm.
The worm is moderately wounded.
You completely miss the worm.
The worm is moderately wounded.
The worm bites you.
You hit the worm.
The worm is heavily wounded.
You hit the worm.
The worm is severely wounded.
The worm bites you!
You hit the worm but do no damage.
The worm is heavily wounded.
You hit the worm.
The worm is severely wounded.
You block the worm's attack.
You hit the worm but do no damage.
The worm is heavily wounded.
The worm bites you.
You hit the worm but do no damage.
The worm is heavily wounded.
You hit the worm.
The worm is severely wounded.
The worm bites you.
You hit the worm.
The worm is severely wounded.
You hit the worm.
The worm is almost dead.
The worm bites you!
* * * LOW HITPOINT WARNING * * *
You feel yourself speed up. The worm bites you!
You die...

#....)##.#.###.###.#÷#....###.#
#........#...#.###.#.####.#<#.###
############.#>....#)# #)#.#.#[.
#.#####.#÷####<....#.# #.#
###...##.....###.# #.#
#.....##.#######'# #.#
#.#...............
#######'###.#.......###.....
#.........#@#.......###.....
#.........#w#...^....##.....
#.........#.#......#..#.....
#......†..'.#......##.#.....
#...).J...###......##.......
#####.....w...# #......####.####
..............# #......# #...##
..............# #......# ###..#
.......######## ####### ##..


You could see a worm.

Vanquished Creatures
  Jessica (D:2)
  An adder (D:2)
  2 ball pythons
  3 endoplasms
  5 giant cockroaches
  5 hobgoblins
  2 jackals (D:2)
  2 kobolds (D:1)
  3 quokkas
  4 bats
  A frilled lizard (D:1)
  9 goblins
  3 rats (D:1)
41 creatures vanquished.

Notes
Turn   | Place    | Note
-------+----------+-------------------------------------------
     0 | D:1      | smilodon the Demonspawn Fighter began the quest for the
                  | Orb.
     0 | D:1      | Reached XP level 1. HP: 18/18 MP: 1/1
   216 | D:1      | Gained mutation: You have a somewhat thin skeletal
                  | structure. (Dex +2, Stealth+) [demonic ancestry]
   216 | D:1      | Reached XP level 2. HP: 24/24 MP: 2/2
   532 | D:1      | Found a faded altar of an unknown god.
   794 | D:1      | Gained mutation: You have a pair of small antennae on your
                  | head. [demonic ancestry]
   794 | D:1      | Reached XP level 3. HP: 29/29 MP: 3/3
  1166 | D:2      | Found a runed translucent door.
  1167 | D:2      | Noticed Crazy Yiuf
  1297 | D:2      | Noticed Jessica
  1326 | D:2      | Killed Jessica
  1327 | D:2      | Reached skill level 1 in Short Blades
  1327 | D:2      | Reached skill level 1 in Dodging
  1327 | D:2      | Reached skill level 1 in Stealth
  1327 | D:2      | Gained mutation: You have a moderately thin skeletal
                  | structure. (Dex +4, Stealth++) [demonic ancestry]
  1327 | D:2      | Reached XP level 4. HP: 15/35 MP: 4/4
  1836 | D:2      | Slain by a worm

Illustrated notes

Levels and vault maps discovered:
D:1:      dpeg_arrival_prison, layout_loops_cross,
          dreamdust_ecumenical_altar_angels_and_demons, dk_noncrumbling_4
D:2:      layout_basic, uniq_crazy_yiuf_cottage, uniq_jessica

Skill      XL: |  1  2  3 |
---------------+----------+-----
Long Blades    | 2 |  2.1
Shields        | 3 |  3.0
Armour         | 3 |  3.0
Short Blades   | 1 |  1.1
Dodging        | 1 |  1.2
Stealth        | 1 |  1.2
Fighting       | |  3.3

Action                   |  1- 3 |  4- 6 || total
-------------------------+-------+-------++-------
Melee: Long sword        |    67 |       ||    67
       Dagger            |    53 |    41 ||    94
  Use: Potion            |     5 |     1 ||     6
       Scroll            |     3 |       ||     3
 Stab: Sleeping          |       |     1 ||     1
Armor: Scale mail        |    74 |       ||    74
       Robe              |       |     3 ||     3
Dodge: Dodged            |    40 |    15 ||    55
Block: Buckler           |    34 |    11 ||    45
